 Dungeon Crawl Stone Soup version 0.30-a0-241-g1121274140 (webtiles) character file.

Game seed: 9155429842548725918

52 lunkers the Poker (level 4, -4/33 HPs)
             Began as a Meteoran Wanderer on Oct 11, 2022.
             Was a Follower of Jiyva.
             Slain by Grinder (7 damage)
             ... while paralysed by Grinder
             ... on level 3 of the Dungeon.
             The game lasted 00:01:38 (590 turns).

lunkers the Poker (Meteoran Wanderer)                Turns: 590, Time: 00:01:39

Health: -4/33      AC:  6    Str: 17    XL:     4   Next: 29%
Magic:  5/5        EV:  2    Int: 13    God:    Jiyva [*.....]
Gold:   69         SH:  0    Dex: 12    Spells: 3/3 levels left

rFire   . . .      SeeInvis .    a - +2 spear
rCold   . . .      Faith    .    (no shield)
rNeg    . . .      Spirit   .    o - +0 ring mail
rPois   .          Reflect  .    c - +0 helmet
rElec   .          Harm     .    (no cloak)
rCorr   .          Rampage  .    (no gloves)
Will    .....                    (no boots)
Stlth   +.........               (no amulet)
HPRegen 1.05/turn                (no ring)
MPRegen 0.34/turn                (no ring)

@: paralysed, glowing
A: sense surroundings 1, otherworldly, glowing, explore regen
a: Renounce Religion


You were on level 3 of the Dungeon.
You worshipped Jiyva.
Jiyva was aware of your devotion.
You visited 1 branch of the dungeon, and saw 3 of its levels.

You collected 69 gold pieces.

Inventory:

Hand Weapons
 a - a +2 spear (weapon)
Armour
 c - a +0 helmet (worn)
 e - a +0 leather armour
 o - a +0 ring mail (worn)
Scrolls
 f - a scroll of vulnerability {unknown}
 g - a scroll of butterflies {unknown}
 h - a scroll of enchant armour {unknown}
 j - a scroll of identify {unknown}
 k - 3 scrolls of teleportation {unknown}
 l - a scroll of noise {unknown}
 q - a scroll of amnesia {unknown}
Potions
 b - 2 potions of curing
 d - a potion of attraction
 i - a potion of heal wounds {unknown}
 m - a potion of flight {unknown}
 n - a potion of resistance {unknown}
 p - a potion of lignification {unknown}


   Skills:
 + Level 6.5 Polearms
 - Level 1.2 Armour
 - Level 3.6 Dodging
 - Level 1.0 Stealth
 - Level 1.2 Evocations


You had 3 spell levels left.
You didn't know any spells.
Your spell library contained the following spells:

 Spells                   Type           Power      Damage    Failure   Level
 Apportation              Tloc           0%         N/A       50%         1
 Beastly Appendage        Tmut           0%         N/A       50%         1
 Necrotise                Necr           0%         1d4       50%         1
 Summon Small Mammal      Summ           0%         N/A       50%         1
 Wereblood                Tmut           0%         N/A       65%         2
 Dazzling Flash           Conj/Hex       0%         N/A       86%         3
 Spider Form              Tmut/Pois      0%         N/A       86%         3
 Iskenderun's Mystic Bla  Conj/Tloc      0%         2d3       99%         4
 Starburst                Conj/Fire      0%         6d3       100%        6


Dungeon Overview and Level Annotations

Branches:
Dungeon (3/15) Zot: 1228

Altars:
Jiyva

Annotations:
D:3 Grinder


Innate Abilities, Weirdness & Mutations

You passively map a small area around you.
You are easily found by Zot.
You glow in the dark.
You regain HP and MP as you explore.


Message History

* * * LOW HITPOINT WARNING * * *
Reach: a) +2 spear
Press: ? - help, Dir - move target, f/p - Grinder
Aim: Grinder (heavily wounded, about 38% to evade your +2 spear)
You completely miss Grinder.
Grinder is heavily wounded.
Grinder says, "You look like you could use a good racking."
Grinder gestures at you. You resist with significant effort.
Unknown command.
Reach: a) +2 spear
Press: ? - help, Dir - move target, f/p - Grinder
Aim: Grinder (heavily wounded, about 38% to evade your +2 spear)
You puncture Grinder!
Grinder is severely wounded.
You hear a distant slurping noise.
Grinder hits you.
* * * LOW HITPOINT WARNING * * *
You writhe in agony.
* * * LOW HITPOINT WARNING * * *
Reach: a) +2 spear
Press: ? - help, Dir - move target, f/p - Grinder
Aim: Grinder (severely wounded, about 38% to evade your +2 spear)
You closely miss Grinder.
Grinder is severely wounded.
Unknown command.
Unknown command.
Reach: a) +2 spear
Press: ? - help, Dir - move target, f/p - Grinder
Aim: Grinder (severely wounded, about 38% to evade your +2 spear)
You hit Grinder.
Grinder is severely wounded.
Grinder gestures at you.
You suddenly lose the ability to move!
Grinder hits you.
* * * LOW HITPOINT WARNING * * *
You writhe in agony.
* * * LOW HITPOINT WARNING * * *
Grinder hits you!
You die...

#......# ,
.#.#.....#.#...
#..###.#
,.$#.#......#....
##.# #[# , ...
##..........
#.###.# ..#
*#.....##...
#...<.#### ..#
#..########
###.####.^ ,,..
.>.. #.# #.#
.#*####. #.#
#.####.######.
#.####.##.@.......
#.#.......#5######
, #.#(##.......# ,
#...†........# * *
###.##....##.# ,*
,, #.##....#*.# ,
#......##*.# , *
#####.## .# #.., ,
,


You could see Grinder.

Vanquished Creatures
  An adder (D:2)
  A worm (D:3)
  4 ball pythons
  2 endoplasms
  4 giant cockroaches
  3 goblins
  6 hobgoblins
  2 jackals (D:3)
  3 quokkas
  A bat (D:1)
  A frilled lizard (D:1)
  4 kobolds (D:1)
  2 rats (D:1)
34 creatures vanquished.

Notes
Turn   | Place    | Note
-------+----------+-------------------------------------------
     0 | D:1      | lunkers the Meteoran Wanderer began the quest for the Orb.
     0 | D:1      | lunkers set off with the following items: a +2 spear, a
                  | potion of curing, a +0 helmet, a potion of attraction, a +0
                  | leather armour.
     0 | D:1      | Reached XP level 1. HP: 14/14 MP: 2/2
    14 | D:1      | Reached skill level 5 in Polearms
    33 | D:1      | Reached XP level 2. HP: 18/20 MP: 3/3
   151 | D:1      | Reached XP level 3. HP: 12/26 MP: 4/4
   247 | D:2      | Reached skill level 6 in Polearms
   387 | D:2      | Reached XP level 4. HP: 29/33 MP: 5/5
   488 | D:3      | Found a faded altar of an unknown god.
   503 | D:3      | Prayed at the altar of an unknown god.
   503 | D:3      | Became a worshipper of Jiyva Joptegh the Shapeless
   503 | D:3      | Reached * piety under Jiyva
   576 | D:3      | Noticed Grinder
   588 | D:3      | Paralysed by Grinder for 2 turns
   590 | D:3      | Slain by Grinder

Illustrated notes

Levels and vault maps discovered:
D:1:      lightli_molten_gateway, layout_rooms, bh_walls_and_bars
D:2:      layout_rooms, nicolae_elevator_lobby_asterisk
D:3:      layout_loops_cross, ebering_ecumenical_altar_sacrificial, uniq_grinder

Skill      XL: |  1  2  3 |
---------------+----------+-----
Polearms       | 5 6 |  6.5
Armour         | |  1.2
Dodging        | |  3.6
Stealth        | |  1.0
Evocations     | |  1.2

Action                   |  1- 3 |  4- 6 || total
-------------------------+-------+-------++-------
Melee: Spear             |    70 |    29 ||    99
Armor: Leather armour    |    16 |       ||    16
       Ring mail         |     1 |     4 ||     5
Dodge: Dodged            |    32 |     6 ||    38

Table legend: (Time is in decaauts)
 A = Elapsed time spent in this place.
 B = Non-inter-level travel time spent in this place.
 C = Inter-level travel time spent in this place.
 D = Time resting spent in this place.
 E = Time spent auto-exploring this place.
 F = Levels seen in this place.
 G = Mean time per level.
                   A        B        C        D        E       F      G
               +--------+--------+--------+--------+--------+-----+--------+
         Total |    571 |    571 |      0 |      0 |    326 |   3 |  190.3 |
       Dungeon |    571 |    571 |      0 |      0 |    326 |   3 |  190.3 |
               +--------+--------+--------+--------+--------+-----+--------+

Top non-repeatable levels by time:
     D:2: 219 daAuts
     D:1: 217 daAuts
     D:3: 134 daAuts
